 Dungeon Crawl Stone Soup version 0.31-a0-698-g4a7cf283bb (webtiles) character file.

Game seed: 5306993886095587219

154 qw the Shooter (level 5, 0/32 HPs)
             Began as a Gargoyle Hunter on Sept 7, 2023.
             Slain by a scorpion (5 damage)
             ... on level 4 of the Dungeon.
             The game lasted 00:00:54 (2363 turns).

qw the Shooter (Gargoyle Hunter)                    Turns: 2363, Time: 00:00:54

Health: 0/32       AC: 11    Str: 21    XL:     5   Next: 35%
Magic:  5/5        EV: 12    Int:  9    God:
Gold:   53         SH:  5    Dex: 15    Spells: 4/4 levels left

rFire   . . .        Y - +0 shortbow
rCold   . . .        (shield currently unavailable)
rNeg    + . .        c - +3 leather armour
rPois   inf          i - +0 helmet
rElec   +            (no cloak)
rCorr   .            (no gloves)
SInv    .            (no boots)
Will    .....        l - amulet of reflection
Stlth   ++           b - +6 ring of strength
HPRegen 0.25/turn    (no ring)
MPRegen 0.09/turn

%: reflection
@: no status effects
A: sickness immunity, AC +4, negative energy resistance 1, electricity
resistance, torment resistance 1, petrification resistance
a: no special abilities


You were on level 4 of the Dungeon.
You visited 1 branch of the dungeon, and saw 4 of its levels.

You collected 103 gold pieces.
You spent 50 gold pieces at shops.


Innate Abilities, Weirdness & Mutations

You are immune to sickness and miasma.
Your stone body is resilient. (AC +4)
You are immune to poison.
You resist negative energy. (rN+)
You are resistant to electric shocks. (rElec)
You are resistant to unholy torment.
You are immune to petrification.


   Skills:
 - Level 3.3 Fighting
 + Level 5.9 Ranged Weapons
 - Level 1.0 Armour
 - Level 1.5 Dodging
 - Level 1.1 Stealth


You had 4 spell levels left.
You didn't know any spells.
Your spell library was empty.

Inventory:

Hand Weapons
 Y - a +0 shortbow (weapon)
Armour
 c - a +3 leather armour (worn)
 i - a +0 helmet (worn)
 k - a +0 pair of gloves
Jewellery
 b - a +6 ring of strength (left hand)
 l - an amulet of reflection (around neck)
Wands
 g - a wand of digging (6)
Scrolls
 f - 3 scrolls of identify
Potions
 a - a potion of heal wounds {unknown}
 e - a potion of might
 h - a potion of invisibility {unknown}
 j - 2 potions of resistance
 m - a potion of magic {unknown}
 o - a potion of ambrosia {unknown}

Dungeon Overview and Level Annotations

Branches:
Dungeon (4/15)
 Temple: D:4-7

Altars:
Gozag

Shops:
D:2 *

Annotations:
D:4 Sigmund


Message History

You hear some strange, mumbled words.
A puff of flame appears from out of thin air!
You block puff of flame... and reflect it back!
The puff of flame hits something!
You block the scorpion's attack.
You shoot an arrow. The arrow closely misses the scorpion.
Something hits you. You block the scorpion's attack.
You shoot an arrow. The arrow barely misses the scorpion.
The scorpion barely misses you. Something hits you.
You shoot an arrow. The arrow hits the scorpion.
The scorpion is heavily wounded.
You hear the slow hiss of an avalanche of sand nearby.
The scorpion stings you but does no damage.
The scorpion closely misses you. Something hits you but does no damage.
You shoot an arrow. The arrow hits the scorpion.
The scorpion is severely wounded.
The scorpion barely misses you.
You shoot an arrow.
The arrow hits the scorpion but does no damage.
The scorpion is severely wounded.
The scorpion barely misses you. Something hits you.
You shoot an arrow. The arrow hits the scorpion.
The scorpion is severely wounded.
The scorpion closely misses you. Something hits you but does no damage.
You block the scorpion's attack.
You shoot an arrow. The arrow closely misses the scorpion.
The scorpion barely misses you.
You hear some strange, mumbled words.
You are confused.
The scorpion closely misses you. Something hits you but does no damage.
The scorpion stings you but does no damage.
The scorpion barely misses you.
You hear some strange, mumbled words.
A puff of flame appears from out of thin air!
The puff of flame hits you!
The scorpion stings you but does no damage.
The scorpion closely misses you. Something hits you but does no damage.
The scorpion misses you. Something hits you but does no damage.
You feel less confused. The scorpion stings you.
You die...

......#.#####...#........#
......#.# ##....##......###
.#....#.###.....##........#
...................#......#
...##.#............#......#
###...##...........#.##
#..........{.........#
........##........#....##
........##..@s....#....##
.......###..#...........#
#.##...#
#.##................ #.
###. #.###......##..%....
.. ##.###......##....... ..
#..##..##...#........
..##...........##.......
....
........................
..#
##......................##


You could see a scorpion.

Vanquished Creatures
  Ijyb (D:3)
  Natasha (twice) (D:3)
  2 adders (D:2)
  An orc (D:3)
  2 bats
  4 endoplasms
  7 giant cockroaches
  9 goblins
  6 hobgoblins
  4 jackals (D:1)
  3 kobolds
  A quokka (D:3)
  3 ball pythons
  3 frilled lizards
  7 rats
55 creatures vanquished.

Notes
Turn   | Place    | Note
-------+----------+-------------------------------------------
     0 | D:1      | qw the Gargoyle Hunter began the quest for the Orb.
     0 | D:1      | Reached XP level 1. HP: 12/12 MP: 1/1
     0 | D:1      | 0 ||| qw: Version: 0.3-a-76-g4403597
     0 | D:1      | 0 ||| qw: Game counter: 377
     0 | D:1      | 0 ||| qw: Melee chars always use a shield: true
     0 | D:1      | 0 ||| qw: God list: Okawaru
     0 | D:1      | 0 ||| qw: Allow faded altars: false
     0 | D:1      | 0 ||| qw: Do Orc after clearing Dungeon:15 true
     0 | D:1      | 0 ||| qw: Do second Lair branch before Depths: true
     0 | D:1      | 0 ||| qw: Lair rune preference: random
     0 | D:1      | 0 ||| qw: Goals: Normal
     0 | D:1      | 0 ||| PLANNING D:1-11
   205 | D:1      | Reached XP level 2. HP: 17/17 MP: 2/2
   420 | D:1      | Reached XP level 3. HP: 21/21 MP: 3/3
   619 | D:1      | 619 ||| UPGRADING to +0 helmet.
   624 | D:1      | 624 ||| UPGRADING to +0 ring mail.
   634 | D:1      | 634 ||| DROPPING +0 leather armour.
   635 | D:1      | 635 ||| UPGRADING to amulet of reflection.
   640 | D:1      | 640 ||| READING 2 scrolls labelled DUOSTO OTAU.
   641 | D:1      | 641 ||| READING scroll labelled QOCVUE SEIRIL.
   642 | D:1      | 642 ||| READING scroll labelled GOMMYD ULIUVUS.
   643 | D:1      | 643 ||| READING scroll labelled MOAKHL FOUS.
   644 | D:1      | 644 ||| DRINKING 2 bubbling inky potions.
   645 | D:1      | 645 ||| DROPPING scroll of blinking.
   646 | D:1      | 646 ||| DROPPING scroll of butterflies.
   900 | D:2      | Found an opulent altar of Gozag.
  1187 | D:2      | Reached skill level 1 in Armour
  1409 | D:2      | Reached skill level 5 in Ranged Weapons
  1491 | D:2      | Found Zuvof's Assorted Antiques.
  1499 | D:2      | 1499 ||| SHOPLISTING pair of runed boots (187 gold, have
                  | 57).
  1499 | D:2      | 1499 ||| BUYING scroll labelled FECZIK NEMYDIM (25 gold).
  1499 | D:2      | Bought a scroll labelled FECZIK NEMYDIM for 25 gold pieces
  1499 | D:2      | 1499 ||| BUYING scroll labelled SOTTOSCH LIRGHU (25 gold).
  1499 | D:2      | Bought a scroll labelled SOTTOSCH LIRGHU for 25 gold pieces
  1499 | D:2      | 1499 ||| SHOPLISTING white potion (22 gold, have 7).
  1552 | D:2      | 1552 ||| UPGRADING to +6 ring of strength.
  1553 | D:2      | 1553 ||| DROPPING +6 ring of intelligence.
  1554 | D:2      | 1554 ||| READING scroll labelled FOED HIXIGIACH.
  1557 | D:2      | 1557 ||| READING scroll labelled FECZIK NEMYDIM.
  1558 | D:2      | 1558 ||| READING scroll labelled SOTTOSCH LIRGHU.
  1559 | D:2      | 1559 ||| READING 2 scrolls of identify.
  1559 | D:2      | 1559 ||| IDENTIFYING lumpy puce potion
  1606 | D:3      | Reached XP level 4. HP: 27/27 MP: 4/4
  1606 | D:3      | Noticed Ijyb
  1610 | D:3      | Paralysed by Ijyb for 4 turns
  1617 | D:3      | Killed Ijyb
  1618 | D:3      | Reached skill level 3 in Fighting
  1646 | D:3      | Identified the amulet of Eternal Night {RegenMP rN+}
  1779 | D:3      | Noticed Natasha
  1791 | D:3      | HP: 4/28 [Natasha (4)]
  1794 | D:3      | Killed Natasha
  1795 | D:3      | Reached XP level 5. HP: 6/32 MP: 5/5
  1798 | D:3      | 1798 ||| FLEEEEING.
  1803 | D:3      | 1803 ||| STAIRDANCE
  1882 | D:2      | 1882 ||| UPGRADING to +3 leather armour.
  1892 | D:2      | 1892 ||| DROPPING +0 ring mail.
  1893 | D:2      | 1893 ||| DROPPING amulet of Eternal Night {RegenMP rN+}.
  1894 | D:2      | 1894 ||| READING scroll labelled LYIMMO WIPPE.
  1895 | D:2      | 1895 ||| READING 2 scrolls of identify.
  1895 | D:2      | 1895 ||| IDENTIFYING fuming brown potion
  2077 | D:3      | Noticed Natasha
  2081 | D:3      | Killed Natasha
  2206 | D:4      | 2206 ||| PLANNING OSSUARY
  2329 | D:4      | Noticed Sigmund
  2331 | D:4      | 2331 ||| DRINKING 2 potions of curing.
  2331 | D:4      | 2331 ||| (to cure confusion)
  2333 | D:4      | 2333 ||| DRINKING potion of curing.
  2333 | D:4      | 2333 ||| (to cure confusion)
  2334 | D:4      | 2334 ||| RETREATING.
  2340 | D:4      | 2340 ||| Stepping ~*~*~tactically~*~*~ (retreating).
  2341 | D:4      | 2341 ||| Stepping ~*~*~tactically~*~*~ (retreating).
  2360 | D:4      | HP: 4/32 [something/puff of flame (7)]
  2363 | D:4      | Slain by a scorpion

Levels and vault maps discovered:
D:1:      matt_arrival_los_fun, layout_basic
D:2:      layout_basic, basic_altar, serial_shops, shop, minmay_tromino_i4
D:3:      layout_rooms, uniq_natasha, uniq_ijyb
D:4:      layout_cave_pools, lemuel_doored_altar, chequers_ossuary_entry_cave,
          uniq_sigmund

Skill      XL: |  1  2  3  4 |
---------------+-------------+-----
Armour         | 1 |  1.0
Ranged Weapons | 5 |  5.9
Fighting       | 3 |  3.3
Dodging        | |  1.5
Stealth        | |  1.1

Action                     |  1- 3 |  4- 6 || total
---------------------------+-------+-------++-------
   Fire: Shortbow          |    99 |    77 ||   176
    Use: Scroll            |     8 |     2 ||    10
         Potion            |     1 |     2 ||     3
 Armour: Leather armour    |    52 |    21 ||    73
         Ring mail         |     4 |    17 ||    21
  Dodge: Dodged            |    41 |    28 ||    69
  Block: Other             |       |    12 ||    12
         Reflection        |       |     1 ||     1

Table legend:
 A = Non-vault XP
 B = Vault XP
 C = Vault XP percentage of total XP
 D = Non-vault monster count
 E = Vault monster count
 F = Vault count percentage of total count
                 A         B        C        D         E       F
            +---------+---------+-------+---------+---------+-------
      Total |     146 |      74 |  33.6 |      51 |       4 |   7.3
            +---------+---------+-------+---------+---------+-------
        D:1 |      36 |       0 |   0.0 |      21 |       0 |   0.0
        D:2 |      39 |       4 |   9.3 |       9 |       2 |  18.2
        D:3 |      59 |      70 |  54.3 |      15 |       2 |  11.8
        D:4 |      12 |       0 |   0.0 |       6 |       0 |   0.0
            +---------+---------+-------+---------+---------+-------
